AoeStats
← Gjallarhorn

Arena

504174752Analyzed
1v1 RM · 27d ago on Sep 4, 2026· 38m 1s· 2 players
Game mode
Random Map
Map size
Tiny (2 player)
Population
200
Speed
Normal
Resources
Standard
Victory
Conquest
Starting age
Dark Age
Ending age
Imperial Age
RankedLock teamsTeams togetherTeam positionsShared explorationLock speedFull tech treeHidden civsTurbo modeCheats
Victory
Defeat
🇩🇪 Persians · Germany
687
+16
🇨🇳 Persians · China
684
-16
Danny chan
9:56 Feudal Age
15:05 Castle Age
20:48 Stone Mining
24:58 Double-Bit Axe
25:04 Horse Collar
25:56 Gold Mining
26:44 Stone Shaft Mining
27:20 Squires
26:41 Pikeman
30:25 Scale Mail Armor
30:35 Forging
35:37 Imperial Age
34:25 Gold Shaft Mining
34:04 Bow Saw
33:56 Heavy Plow
34:39 Chain Mail Armor
35:13 Loom
36:03 Wheelbarrow
35:14 Town Watch
35:34 Halberdier
36:00 Arson
36:50 Plate Mail Armor
36:56 Iron Casting
38:30 Masonry
Gjallarhorn
9:45 Feudal Age
8:01 Loom
14:49 Castle Age
13:46 Double-Bit Axe
14:33 Stone Mining
17:11 Horse Collar
22:38 Town Watch
23:55 Fletching
25:22 Wheelbarrow
26:35 Heavy Plow
26:57 Bow Saw
28:47 Hand Cart
28:50 Scale Barding Armor
31:22 Devotion
31:34 Town Patrol
34:34 Imperial Age
32:48 Bodkin Arrow
34:20 Forging
35:13 Citadels
35:37 Chain Barding Armor
36:01 Conscription
36:21 Iron Casting
36:27 Masonry
37:20 Ballistics
38:05 Hoardings
38:09 Faith
38:57 Architecture
39:31 Chemistry
Connection lost

Rejoining the realm…

Still unreachable

The connection could not be restored.

Session expired

The server has moved on; the page needs a fresh start.